 Dungeon Crawl Stone Soup version 0.27-a0-1051-g288ea87c7c (webtiles) character file.

Game seed: 8161637893189721686

796 harryhousin the Bolt Thrower (level 7, 0/56 HPs)
             Began as a Gnoll Wanderer on Apr 18, 2021.
             Was an Elder of Elyvilon.
             Succumbed to a scorpion's poison
             ... on level 5 of the Dungeon on Apr 20, 2021.
             The game lasted 00:44:46 (5821 turns).

harryhousin the Bolt Thrower (Gnoll Wanderer)       Turns: 5821, Time: 00:44:47

Health: 0/56       AC:  5    Str: 14    XL:     7   Next: 89%
Magic:  13/13      EV: 12    Int: 16    God:    Elyvilon [****..]
Gold:   245        SH:  0    Dex: 12    Spells: 13/14 levels left

rFire    . . .     SeeInvis +   g - +1 dagger (protect)
rCold    . . .     Faith    .   (no shield)
rNeg     . . .     Spirit   .   e - +0 robe
rPois    .         Reflect  .   h - +0 hat
rElec    .         Harm     .   (no cloak)
rCorr    .         Rampage  .   (no gloves)
Will     .....                  w - +2 pair of boots
Stlth    ++........             (no amulet)
HPRegen  0.18/turn              r - +6 ring of intelligence
MPRegen  0.13/turn              t - ring of see invisible

@: lethally poisoned (0 -> -2)
A: fangs 1, strong nose, distributed training
a: Renounce Religion, Lesser Healing, Heal Other, Purification, Greater Healing,
Divine Protection


You were on level 5 of the Dungeon.
You worshipped Elyvilon.
Elyvilon was greatly pleased with you.
You visited 1 branch of the dungeon, and saw 6 of its levels.

You collected 245 gold pieces.

Inventory:

Hand Weapons
 a - a +2 hand crossbow
 g - a +1 dagger of protection (weapon)
Missiles
 b - 3 bolts
 s - 2 throwing nets (quivered)
Armour
 e - a +0 robe (worn)
 h - a +0 hat (worn)
 q - a +2 kite shield
 w - a +2 pair of boots (worn)
Magical Staves
 j - a staff of fire
Jewellery
 f - a ring of flight
 r - a +6 ring of intelligence (left hand)
 t - a ring of see invisible (right hand)
Wands
 v - a wand of charming (11)
 y - a wand of polymorph (5)
 A - a wand of flame (17)
Scrolls
 d - a scroll of identify
 k - a scroll of fear
 l - a scroll of teleportation {unknown}
 n - a scroll of noise {unknown}
 o - 3 scrolls of silence
 u - a scroll of fog {unknown}
 x - a scroll of acquirement {unknown}
Potions
 m - 2 potions of berserk rage {unknown}
 p - 2 potions of might {unknown}
 z - a potion of heal wounds {unknown}


   Skills:
 + Level 5.4 Fighting
 + Level 2.7 Short Blades
 + Level 2.7 Long Blades
 + Level 2.7 Axes
 + Level 2.7 Maces & Flails
 + Level 2.7 Polearms
 + Level 2.7 Staves
 + Level 2.7 Slings
 + Level 2.7 Bows
 + Level 7.1 Crossbows
 + Level 2.7 Throwing
 + Level 2.7 Armour
 + Level 2.7 Dodging
 + Level 2.7 Stealth
 + Level 2.7 Shields
 + Level 2.7 Unarmed Combat
 + Level 4.0 Spellcasting
 + Level 2.2 Conjurations
 + Level 2.2 Hexes
 + Level 4.4 Summonings
 + Level 2.2 Necromancy
 + Level 2.2 Translocations
 + Level 2.2 Transmutations
 + Level 2.2 Fire Magic
 + Level 2.2 Ice Magic
 + Level 2.2 Air Magic
 + Level 2.2 Earth Magic
 + Level 2.2 Poison Magic
 + Level 3.0 Invocations
 + Level 5.4 Evocations


You had 13 spell levels left.
You knew the following spells:

 Your Spells              Type           Power      Damage    Failure   Level
a - Summon Small Mammal   Summ           68%        N/A       2%          1

Your spell library contained the following spells:

 Spells                   Type           Power      Damage    Failure   Level
 Beastly Appendage        Tmut           20%        N/A       7%          1
 Call Canine Familiar     Summ           17%        N/A       9%          3
 Wereblood                Tmut           10%        N/A       10%         2
 Spider Form              Tmut/Pois      5%         N/A       21%         3
 Ice Form                 Ice/Tmut       10%        N/A       54%         4
 Hydra Form               Tmut           5%         N/A       88%         5


Dungeon Overview and Level Annotations

Branches:
Dungeon (6/15)
 Temple: D:4-7

Altars:
Elyvilon
Hepliaklqana
The Shining One

Annotations:
D:3 2 transporters, 3 runed translucent doors, mightbedylan's ghost, amateur MiBe
D:5 Grinder


Innate Abilities, Weirdness & Mutations

You have very sharp teeth.
Your uncanny sense of smell can sniff out nearby items.
Your experience applies equally to all skills.


Message History

There is a stone staircase leading up here.
The scorpion stings you.
* * * LOW HITPOINT WARNING * * *
You are lethally poisoned!
The scorpion poisons you!
You climb upwards.
Level annotation: Grinder
* * * LOW HITPOINT WARNING * * *
You feel very sick.
There is a stone staircase leading down, spattered with blood here.
You feel better. The scorpion stings you.
* * * LOW HITPOINT WARNING * * *
The scorpion stings you.
* * * LOW HITPOINT WARNING * * *
You are poisoned.
The scorpion poisons you!
You hit the scorpion but do no damage.
Your weapon exudes an aura of protection.
You feel sick.
The scorpion stings you but does no damage.
You feel sick. The scorpion stings you!
* * * LOW HITPOINT WARNING * * *
You feel better.
The scorpion stings you but does no damage.
The scorpion stings you.
* * * LOW HITPOINT WARNING * * *
You are lethally poisoned!
The scorpion poisons you!
* * * LOW HITPOINT WARNING * * *
You feel sick. The scorpion stings you.
* * * LOW HITPOINT WARNING * * *
* * * LOW HITPOINT WARNING * * *
You feel sick.
* * * LOW HITPOINT WARNING * * *
You feel sick.
* * * LOW HITPOINT WARNING * * *
You feel sick.
* * * LOW HITPOINT WARNING * * *
You feel sick.
You die...

##.####........>..#
#................#####
#.....................
#......#.........###..
#..##............#
##...............##
#.###.....s......#
#### ##..#........##
#.## #..##@.......#
##.## #...#.........>.
##.####.<..######....
##........# #..##
#........## ... ...
##....#...######...
..# ##....รท..........
..##
##.###....#####...
#..## ##.## ###.##
#.## #....


You could see a scorpion.

Vanquished Creatures
  Sigmund (D:2)
  A water moccasin (D:5)
  A necrophage (D:5)
  A scorpion (D:3)
  A water moccasin skeleton (D:5)
  A bullfrog zombie (D:5)
  A hound (D:5)
  A bullfrog skeleton (D:5)
  An iguana (D:5)
  Natasha (twice) (D:2)
  A killer bee zombie (D:5)
  6 adders
  An adder skeleton (D:4)
  A worm (D:2)
  A dart slug (D:3)
  3 orcs
  4 bats
  7 endoplasms
  3 giant cockroaches
  7 goblins
  9 hobgoblins
  9 jackals
  3 kobolds
  3 quokkas
  5 ball pythons
  4 frilled lizards
  5 rats
83 creatures vanquished.

Vanquished Creatures (collateral kills)
  An iguana (D:4)
  Natasha (D:2)
  An adder (D:4)
  An endoplasm (D:1)
  A hobgoblin (D:2)
  A rat (D:1)
6 creatures vanquished.

Grand Total: 89 creatures vanquished

Notes
Turn   | Place    | Note
-------+----------+-------------------------------------------
     0 | D:1      | harryhousin the Gnoll Wanderer began the quest for the Orb.
     0 | D:1      | harryhousin set off with the following items: a +2 hand
                  | crossbow, 21 bolts, a potion of curing, a +0 robe; and the
                  | following spell memorised: Summon Small Mammal; and the
                  | following spells available to memorise: Call Canine
                  | Familiar
     0 | D:1      | Reached XP level 1. HP: 20/20 MP: 4/4
    85 | D:1      | Reached XP level 2. HP: 19/26 MP: 3/5
   398 | D:1      | Reached XP level 3. HP: 24/31 MP: 7/7
   434 | D:1      | Found a faded altar of an unknown god.
   461 | D:1      | Became a worshipper of Elyvilon the Healer
   461 | D:1      | Reached * piety under Elyvilon
   671 | D:2      | Reached skill level 1 in Invocations
   782 | D:2      | Noticed Sigmund
   798 | D:2      | Killed Sigmund
   799 | D:2      | Reached skill level 1 in Short Blades
   799 | D:2      | Reached skill level 1 in Long Blades
   799 | D:2      | Reached skill level 1 in Axes
   799 | D:2      | Reached skill level 1 in Maces & Flails
   799 | D:2      | Reached skill level 1 in Polearms
   799 | D:2      | Reached skill level 1 in Staves
   799 | D:2      | Reached skill level 1 in Slings
   799 | D:2      | Reached skill level 1 in Bows
   799 | D:2      | Reached skill level 1 in Throwing
   799 | D:2      | Reached skill level 1 in Armour
   799 | D:2      | Reached skill level 1 in Dodging
   799 | D:2      | Reached skill level 1 in Stealth
   799 | D:2      | Reached skill level 1 in Shields
   799 | D:2      | Reached skill level 1 in Unarmed Combat
   799 | D:2      | Reached skill level 1 in Conjurations
   799 | D:2      | Reached skill level 1 in Hexes
   799 | D:2      | Reached skill level 1 in Necromancy
   799 | D:2      | Reached skill level 1 in Translocations
   799 | D:2      | Reached skill level 1 in Transmutations
   799 | D:2      | Reached skill level 1 in Fire Magic
   799 | D:2      | Reached skill level 1 in Ice Magic
   799 | D:2      | Reached skill level 1 in Air Magic
   799 | D:2      | Reached skill level 1 in Earth Magic
   799 | D:2      | Reached skill level 1 in Poison Magic
   799 | D:2      | Reached XP level 4. HP: 38/38 MP: 5/8
   799 | D:2      | Reached XP level 5. HP: 43/43 MP: 5/9
  1001 | D:2      | Noticed Natasha
  1026 | D:2      | Killed Natasha
  1189 | D:2      | Noticed Natasha
  1223 | D:2      | Killed Natasha
  1224 | D:2      | Reached XP level 6. HP: 14/50 MP: 4/11
  1569 | D:3      | Found a transporter.
  1689 | D:3      | Found a transporter.
  1978 | D:3      | Reached ** piety under Elyvilon
  1984 | D:3      | Found a glowing golden altar of the Shining One.
  2115 | D:3      | Reached skill level 5 in Fighting
  2115 | D:3      | Reached skill level 5 in Evocations
  2143 | D:3      | Found a runed translucent gate.
  2144 | D:3      | Found a runed translucent gate.
  2144 | D:3      | Noticed mightbedylan's ghost (amateur MiBe)
  2229 | D:3      | Found a runed translucent gate.
  2392 | D:3      | Found a faded altar of an unknown god.
  2392 | D:3      | Found a hazy altar of Hepliaklqana.
  3555 | D:5      | Entered Level 5 of the Dungeon
  3556 | D:5      | Upgraded the game from 0.27-a0-1036-g8e1b44f6bd to
                  | 0.27-a0-1051-g288ea87c7c
  3579 | D:5      | Reached *** piety under Elyvilon
  3666 | D:5      | Noticed a water moccasin
  3696 | D:5      | Killed a water moccasin
  3697 | D:5      | Reached skill level 7 in Crossbows
  3697 | D:5      | Reached XP level 7. HP: 17/56 MP: 12/12
  4325 | D:5      | Reached **** piety under Elyvilon
  4638 | D:5      | Noticed Grinder
  5099 | D:2      | Noticed Natasha
  5123 | D:2      | Killed Natasha
  5811 | D:5      | HP: 1/56 [scorpion (9)]
  5819 | D:5      | HP: 2/56 [poisoned by a scorpion]
  5821 | D:5      | Succumbed to a scorpion's poison

Illustrated notes

Levels and vault maps discovered:
D:1:      tarquinn_simple_flora_water_e, layout_rooms, basic_ecumenical_altar
D:2:      layout_rooms, serial_park_tiny_pond, minmay_goblin_outpost,
          uniq_sigmund, uniq_natasha
D:3:      gammafunk_wand_slinger, layout_loops_cross, lemuel_round_altar,
          beargit_hepliaklqana_dungeon_heroes, gammafunk_ghost_split
D:4:      layout_loops_ring
D:5:      layout_layer_cave, uniq_grinder
D:6:      layout_loops_ring, lemuel_temple_firewalk_b, uniq_blork_the_orc,
          uniq_pikel, uniq_duvessa, uniq_eustachio

Skill      XL: |  1  2  3  4  5  6  7 |
---------------+----------------------+-----
Invocations    | 1 2 3 |  3.0
Short Blades   | 1 2 |  2.7
Long Blades    | 1 2 |  2.7
Axes           | 1 2 |  2.7
Maces & Flails | 1 2 |  2.7
Polearms       | 1 2 |  2.7
Staves         | 1 2 |  2.7
Slings         | 1 2 |  2.7
Bows           | 1 2 |  2.7
Throwing       | 1 2 |  2.7
Armour         | 1 2 |  2.7
Dodging        | 1 2 |  2.7
Stealth        | 1 2 |  2.7
Shields        | 1 2 |  2.7
Unarmed Combat | 1 2 |  2.7
Spellcasting   | 3 4 |  4.0
Conjurations   | 1 2 |  2.2
Hexes          | 1 2 |  2.2
Summonings     | 4 |  4.4
Necromancy     | 1 2 |  2.2
Translocations | 1 2 |  2.2
Transmutations | 1 2 |  2.2
Fire Magic     | 1 2 |  2.2
Ice Magic      | 1 2 |  2.2
Air Magic      | 1 2 |  2.2
Earth Magic    | 1 2 |  2.2
Poison Magic   | 1 2 |  2.2
Fighting       | 5 |  5.4
Evocations     | 5 |  5.4
Crossbows      | 7 |  7.1

Action                   |  1- 3 |  4- 6 |  7- 9 || total
-------------------------+-------+-------+-------++-------
Melee: Dagger            |       |    99 |   200 ||   299
       Bite              |       |    11 |    19 ||    30
 Fire: Hand crossbow     |    69 |    82 |       ||   151
 Cast: Summon Small Mamm |     9 |    24 |       ||    33
  Use: Potion            |       |     1 |     4 ||     5
       Scroll            |       |       |     5 ||     5
 Stab: Distracted        |       |     1 |       ||     1
Armor: Robe              |     2 |    49 |    92 ||   143
Dodge: Dodged            |    14 |   112 |   144 ||   270

Table legend: (Time is in decaauts)
 A = Elapsed time spent in this place.
 B = Non-inter-level travel time spent in this place.
 C = Inter-level travel time spent in this place.
 D = Time resting spent in this place.
 E = Time spent auto-exploring this place.
 F = Levels seen in this place.
 G = Mean time per level.
                   A        B        C        D        E       F      G
               +--------+--------+--------+--------+--------+-----+--------+
         Total |   5810 |   5560 |    250 |   1735 |    999 |   6 |  968.3 |
       Dungeon |   5810 |   5560 |    250 |   1735 |    999 |   6 |  968.3 |
               +--------+--------+--------+--------+--------+-----+--------+

Top non-repeatable levels by time:
     D:5: 1337 daAuts
     D:4: 1337 daAuts
     D:3: 1163 daAuts
     D:2: 1153 daAuts
     D:1: 604 daAuts
     D:6: 213 daAuts
